 Dungeon Crawl Stone Soup version 0.30-a0-802-gb92711bcdf (webtiles) character file.

Game seed: 11380644342643945333

7 Jeffwins the Gusty (level 2, 19/19 HPs)
             Began as a Human Wanderer on Feb 24, 2023.
             Was a Follower of Lugonu.
             Quit the game on level 1 of the Dungeon.
             The game lasted 00:00:37 (247 turns).

Jeffwins the Gusty (Human Wanderer)                  Turns: 247, Time: 00:00:37

Health: 19/19      AC:  2    Str: 11    XL:     2   Next: 10%
Magic:  5/5        EV: 11    Int: 11    God:    Lugonu [*.....]
Gold:   23         SH:  0    Dex: 14    Spells: 4/5 levels left

rFire   . . .      SeeInvis .    a - +0 quarterstaff
rCold   . . .      Faith    .    (shield currently unavailable)
rNeg    . . .      Spirit   .    e - +0 robe
rPois   .          Reflect  .    (no helmet)
rElec   .          Harm     .    (no cloak)
rCorr   .          Rampage  .    (no gloves)
Will    .....                    (no boots)
Stlth   +                        (no amulet)
HPRegen 0.23/turn                (no ring)
MPRegen 0.09/turn                (no ring)

@: no status effects
A: no striking features
a: Renounce Religion, Depart the Abyss


You were on level 1 of the Dungeon.
You worshipped Lugonu.
Lugonu was aware of your devotion.
You visited 1 branch of the dungeon, and saw 1 of its levels.

You collected 23 gold pieces.


   Skills:
 * Level 2.1 Staves
 + Level 1.1 Throwing
 - Level 1.0 Dodging
 * Level 2.1 Spellcasting
 * Level 0.2 Conjurations
 * Level 0.3 Summonings
 * Level 4.0 Air Magic


You had 4 spell levels left.
You knew the following spells:

 Your Spells              Type           Power      Damage    Failure   Level
z - Shock                 Conj/Air       20%        1d4       12%         1

Your spell library contained the following spells:

 Spells                   Type           Power      Damage    Failure   Level
 Swiftness                Air            10%        N/A       16%         3
 Summon Lightning Spire   Summ/Air       5%         N/A       75%         4

Inventory:

Hand Weapons
 a - a +0 quarterstaff (weapon)
 c - a +0 dagger
Missiles
 b - 10 poisoned darts (quivered)
Armour
 e - a +0 robe (worn)
Scrolls
 f - a scroll of poison {unknown}
Potions
 d - a potion of berserk rage {!q}
 g - a potion of haste {unknown}
 h - a potion of brilliance {unknown}
 i - a potion of ambrosia {unknown}
 j - 2 potions of mutation {unknown}

Dungeon Overview and Level Annotations

Branches:
Dungeon (1/15)

Altars:
Lugonu

##### # #8..#8# ####
#^#.#^# ....
########.....# ....
#..........#
....##..........####
?...............@..#
###.....###.....####
#.............#
#####.....#.....# #.
.#.....#.#.#^# #.
##.#.....#8..#8#
#.##..+.....##### #
#...†##.....#
#......#+####


There were no monsters in sight!


Message History

Press: ? - help, Shift-Dir - straight line, f/p - bat
Aim: a bat (47% to hit)
The zap hits the bat.
The bat is severely wounded.
The bat barely misses you. x2
Casting: Shock (safe; 12% risk of failure)
Confirm with . or Enter, or press ? or * to list all spells.
Aiming: Shock (safe; 12% risk of failure)
Press: ? - help, Shift-Dir - straight line, f/p - bat
Aim: a bat (severely wounded, 47% to hit)
The zap hits the bat.
You kill the bat!
Casting: Shock (safe; 12% risk of failure)
Confirm with . or Enter, or press ? or * to list all spells.
You can't see any susceptible monsters within range! (Use Z to cast anyway.) Unknown command.
Your magical contamination has completely faded away.
Found 2 fuming golden potions.
Found a faded altar of an unknown god.
You now have 23 gold pieces (gained 10).
Found a scroll labelled USAPHE VAPNAOSH.
j - 2 fuming golden potions
There is a faded altar of an unknown god here.
There is a faded altar of an unknown god here.
This altar belongs to (a) Kikubaaqudgha, (b) Lugonu or (c) Gozag, but you can't tell which.
Press the corresponding letter to learn more about a god, or press enter to convert or escape to cancel.
Lugonu accepts your prayer! Lugonu welcomes you!
You can now depart the Abyss.
Unknown command.
Press < or > to pray at altars.
Are you sure you want to abandon this character and quit the game? (Confirm with "yes".)

Action                     || total
---------------------------++-------
  Melee: Quarterstaff      ||     9
   Cast: Shock             ||     6
   Stab: Sleeping          ||     1
 Armour: Robe              ||     3
  Dodge: Dodged            ||     4

Levels and vault maps discovered:
D:1:      eino_arrival_tree_alley, layout_basic,
          shapermc_ecumenical_altar_mp_highgroup, reono_crystal_passage

Notes
Turn   | Place    | Note
-------+----------+-------------------------------------------
     0 | D:1      | Jeffwins the Human Wanderer began the quest for the Orb.
     0 | D:1      | Jeffwins set off with the following items: a +0
                  | quarterstaff, 10 poisoned darts, a +0 dagger, a potion of
                  | berserk rage {!q}, a +0 robe; and the following spell
                  | memorised: Shock; and the following spells available to
                  | memorise: Swiftness, Summon Lightning Spire.
     0 | D:1      | Reached XP level 1. HP: 13/13 MP: 3/3
    88 | D:1      | Reached XP level 2. HP: 9/19 MP: 1/5
   220 | D:1      | Found a faded altar of an unknown god.
   246 | D:1      | Prayed at the altar of an unknown god.
   246 | D:1      | Became a worshipper of Lugonu the Unformed
   246 | D:1      | Reached * piety under Lugonu
   247 | D:1      | Quit the game

Vanquished Creatures
  2 bats (D:1)
  3 endoplasms (D:1)
  A ball python (D:1)
  A rat (D:1)
7 creatures vanquished.

Table legend: (Time is in decaauts)
 A = Elapsed time spent in this place.
 B = Non-inter-level travel time spent in this place.
 C = Inter-level travel time spent in this place.
 D = Time resting spent in this place.
 E = Time spent auto-exploring this place.
 F = Levels seen in this place.
 G = Mean time per level.
                   A        B        C        D        E       F      G
               +--------+--------+--------+--------+--------+-----+--------+
         Total |    248 |    248 |      0 |      0 |    188 |   1 |  248.0 |
       Dungeon |    248 |    248 |      0 |      0 |    188 |   1 |  248.0 |
               +--------+--------+--------+--------+--------+-----+--------+

Top non-repeatable levels by time:
     D:1: 248 daAuts

Table legend:
 A = Non-vault XP
 B = Vault XP
 C = Vault XP percentage of total XP
 D = Non-vault monster count
 E = Vault monster count
 F = Vault count percentage of total count
                 A         B        C        D         E       F
            +---------+---------+-------+---------+---------+-------
      Total |      11 |       0 |   0.0 |       7 |       0 |   0.0
            +---------+---------+-------+---------+---------+-------
        D:1 |      11 |       0 |   0.0 |       7 |       0 |   0.0
            +---------+---------+-------+---------+---------+-------
